 Dungeon Crawl Stone Soup version 0.22-a0-362-g535178c (webtiles) character file.

3634 inmateoo the Martial Artist (level 10, -1/75 HPs)
             Began as a Gnoll Transmuter on Apr 20, 2018.
             Was an Initiate of Cheibriados.
             Killed from afar by an orc wizard (10 damage)
             ... with a magic dart
             ... on level 8 of the Dungeon.
             The game lasted 00:16:28 (9616 turns).

inmateoo the Martial Artist (Gnoll Transmuter)      Turns: 9616, Time: 00:16:29

Health: -1/75      AC:  2    Str: 13    XL:     10   Next: 11%
Magic:  29/29      EV: 26    Int: 20    God:    Cheibriados [......]
Gold:   351        SH:  0    Dex: 20    Spells: 13/23 levels left

rFire    . . .     SeeInvis .     - Unarmed
rCold    . . .     Gourm    .   (shield currently unavailable)
rNeg     . . .     Faith    .   (armour currently unavailable)
rPois    .         Spirit   .   (helmet currently unavailable)
rElec    .         Reflect  .   (cloak currently unavailable)
rCorr    .         Harm     .   (gloves currently unavailable)
MR       .....                  (boots currently unavailable)
Stlth    +++.......             (no amulet)
HPRegen  0.22/turn              j - ring of magical power
MPRegen  0.21/turn              w - ring of poison resistance

@: spider-form, very slow
A: tiny, distributed training, clumsy 1, strong nose
a: End Transformation, Bend Time, Renounce Religion


You were on level 8 of the Dungeon.
You worshipped Cheibriados.
Cheibriados was noncommittal.
You were not hungry.
You were a venomous arachnid creature.
You visited 2 branches of the dungeon, and saw 9 of its levels.
You also visited: Sewer.

You collected 390 gold pieces.
You spent 39 gold pieces at shops.

Inventory:

Missiles
 a - 59 arrows
Armour
 b - a +0 robe (melded)
 s - a +1 hat (melded)
 y - a +2 cloak of invisibility (melded)
 E - a +0 pair of gloves (melded)
Jewellery
 j - a ring of magical power (left front leg)
 w - a ring of poison resistance (right front leg)
Wands
 p - a wand of disintegration (11)
 A - a wand of paralysis (11)
Scrolls
 e - a scroll of immolation
 f - a scroll of holy word {unknown}
 g - 9 scrolls of identify
 h - 2 scrolls of teleportation
 i - 3 scrolls of remove curse
 m - a scroll of blinking
 q - 2 scrolls of fear
 v - a scroll of enchant weapon
Potions
 c - 4 potions of invisibility
 k - 2 potions of heal wounds {unknown}
 l - 7 potions of curing
 n - a potion of cancellation {unknown}
 o - 3 potions of ambrosia {unknown}
 r - a potion of lignification {unknown}
 t - a potion of mutation {unknown}
 u - a potion of might {unknown}
 x - a potion of degeneration {unknown}
 z - a potion of agility {unknown}
 C - a potion of magic {unknown}
Comestibles
 d - 9 rations
 B - 3 chunks of flesh


   Skills:
 + Level 5.6 Fighting
 + Level 4.9 Short Blades
 + Level 4.9 Long Blades
 + Level 4.9 Axes
 + Level 4.9 Maces & Flails
 + Level 4.9 Polearms
 + Level 4.9 Staves
 + Level 4.9 Slings
 + Level 4.9 Bows
 + Level 4.9 Crossbows
 + Level 4.9 Throwing
 + Level 4.9 Armour
 + Level 6.7 Dodging
 + Level 4.9 Stealth
 + Level 4.9 Shields
 + Level 8.2 Unarmed Combat
 + Level 7.1 Spellcasting
 + Level 4.0 Conjurations
 + Level 4.0 Hexes
 + Level 4.0 Charms
 + Level 4.0 Summonings
 + Level 4.0 Necromancy
 + Level 4.0 Translocations
 + Level 5.6 Transmutations
 + Level 4.0 Fire Magic
 + Level 4.0 Ice Magic
 + Level 4.0 Air Magic
 + Level 4.0 Earth Magic
 + Level 4.0 Poison Magic
 + Level 5.3 Invocations
 + Level 4.9 Evocations


You had 13 spell levels left.
You knew the following spells:

 Your Spells              Type           Power        Failure   Level  Hunger
a - Beastly Appendage     Tmut           ####..       4%          1    None
b - Sticks to Snakes      Tmut           ####....     6%          2    None
c - Spider Form           Tmut/Pois      ####......   12%         3    #......
d - Ice Form              Ice/Tmut       ####....     30%         4    ###....


Dungeon Overview and Level Annotations

Branches:
Dungeon (8/15)             Temple (1/1) D:7
   Lair: D:8-11

Altars:
Ashenzari
Cheibriados
Dithmenos
Fedhas
Gozag
Hepliaklqana
Kikubaaqudgha
Okawaru
Qazlal
Ru
Sif Muna
Trog
Uskayaw
Vehumet
Wu Jian
Yredelemnul
Zin

Shops:
D:6 *(}


Innate Abilities, Weirdness & Mutations

Your experience applies equally to all skills.
((You have very sharp teeth.))
Your uncanny sense of smell can sniff out nearby items.
You are clumsy. (Dex -2)


Message History

Unknown command.
You hit the orc wizard but do no damage.
The orc wizard is heavily wounded.
The orc wizard completely misses you.
Unknown command.
You barely miss the orc wizard.
The orc wizard is heavily wounded.
The orc wizard barely misses you.
Unknown command.
You hit the orc.
The orc is poisoned.
The orc is almost dead.
The orc wizard completely misses you. The orc closely misses you.
The orc wizard hits you with a dagger.
* * * LOW HITPOINT WARNING * * *
Unknown command.
You hit the orc wizard.
The orc wizard looks even sicker.
The orc wizard is almost dead.
The orc wizard casts a spell at you. The magic dart hits you!
You die...

#. '. .......#...
.......#.. ....o..#..
.......#.############
.......#)#...........
##......os.##........
........o)<..........
.......)...#.........
.......#)#.#.........
.......#.#.#.........
.......#)#.#.##..####
...#####.#.#.# ..# ..
#.#.#.. ..# . #.#.###
.##


You could see an orc wizard and an orc.

Vanquished Creatures
  Sigmund (D:6)
  2 wraiths (D:7)
  A hungry ghost (D:7)
  Edmund (D:6)
  2 phantoms
  6 sky beasts
  2 ogres
  A centaur (D:6)
  A necrophage (D:7)
  3 big kobolds
  A bullfrog (Sewer)
  5 scorpions
  3 wights (D:7)
  A howler monkey (D:6)
  A crimson imp (D:5)
  A quasit (D:6)
  4 human zombies (D:7)
  A jelly (D:5)
  A bullfrog zombie (D:5)
  2 hounds (D:5)
  Crazy Yiuf (D:7)
  3 orc priests
  2 orc wizards
  2 centaur skeletons
  2 human skeletons (D:7)
  2 iguanas
  4 worker ants
  2 hound skeletons
  3 mummies (D:7)
  16 adders
  4 gnolls (D:2)
  6 oozes
  2 adder skeletons
  A worm (D:2)
  5 dart slugs
  15 leopard geckos
  16 orcs
  14 giant cockroaches
  9 goblins
  3 hobgoblins
  2 jackals (D:3)
  36 kobolds
  7 quokkas
  8 ball pythons
  3 bats
  12 frilled lizards
  A jackal skeleton (D:5)
  A quokka zombie (D:6)
  10 rats
  6 plants (D:4)
238 creatures vanquished.

Vanquished Creatures (collateral kills)
  A leopard gecko (Sewer)
1 creature vanquished.

Grand Total: 239 creatures vanquished

Notes
Turn   | Place    | Note
-------+----------+-------------------------------------------
     0 | D:1      | inmateoo the Gnoll Transmuter began the quest for the Orb.
     0 | D:1      | Reached XP level 1. HP: 17/17 MP: 6/6
   147 | D:1      | Reached XP level 2. HP: 22/23 MP: 5/7
  1058 | D:2      | Reached XP level 3. HP: 16/28 MP: 7/9
  1107 | D:2      | Reached skill level 5 in Spellcasting
  1363 | D:1      | Learned a level 2 spell: Sticks to Snakes
  1367 | D:1      | Learned a level 3 spell: Spider Form
  1437 | D:2      | Reached skill level 1 in Invocations
  1441 | D:2      | Reached skill level 1 in Short Blades
  1441 | D:2      | Reached skill level 1 in Long Blades
  1441 | D:2      | Reached skill level 1 in Axes
  1441 | D:2      | Reached skill level 1 in Maces & Flails
  1441 | D:2      | Reached skill level 1 in Polearms
  1441 | D:2      | Reached skill level 1 in Staves
  1441 | D:2      | Reached skill level 1 in Slings
  1441 | D:2      | Reached skill level 1 in Bows
  1441 | D:2      | Reached skill level 1 in Crossbows
  1441 | D:2      | Reached skill level 1 in Throwing
  1441 | D:2      | Reached skill level 1 in Armour
  1441 | D:2      | Reached skill level 1 in Stealth
  1441 | D:2      | Reached skill level 1 in Shields
  1441 | D:2      | Reached skill level 1 in Evocations
  1441 | D:2      | Reached XP level 4. HP: 20/34 MP: 8/11
  1728 | D:2      | Reached skill level 1 in Conjurations
  1728 | D:2      | Reached skill level 1 in Hexes
  1728 | D:2      | Reached skill level 1 in Charms
  1728 | D:2      | Reached skill level 1 in Summonings
  1728 | D:2      | Reached skill level 1 in Necromancy
  1728 | D:2      | Reached skill level 1 in Translocations
  1728 | D:2      | Reached skill level 1 in Fire Magic
  1728 | D:2      | Reached skill level 1 in Ice Magic
  1728 | D:2      | Reached skill level 1 in Air Magic
  1728 | D:2      | Reached skill level 1 in Earth Magic
  1728 | D:2      | Reached skill level 1 in Poison Magic
  1728 | D:2      | Reached XP level 5. HP: 36/40 MP: 8/12
  2140 | D:2      | Found a shadowy altar of Dithmenos.
  2141 | D:2      | Found an ornate altar of the Wu Jian Council.
  2438 | D:3      | Reached XP level 6. HP: 14/47 MP: 10/13
  2707 | D:3      | Found a sacrificial altar of Ru.
  3133 | D:3      | Found an iron altar of Okawaru.
  3332 | D:4      | Reached skill level 5 in Dodging
  3335 | D:4      | Found an iron altar of Okawaru.
  3437 | D:4      | Noticed a sky beast
  3445 | D:4      | Killed a sky beast
  3445 | D:4      | Reached XP level 7. HP: 52/52 MP: 11/15
  3844 | D:4      | Reached skill level 7 in Unarmed Combat
  4576 | D:4      | Learned a level 4 spell: Ice Form
  4806 | D:5      | Entered Level 5 of the Dungeon
  4808 | D:5      | Found a glowing drain.
  4841 | Sewer    | Entered a sewer
  5585 | Sewer    | Reached XP level 8. HP: 60/60 MP: 8/16
  5780 | D:5      | Found a shattered altar of Ashenzari.
  6303 | D:5      | Found a radiant altar of Vehumet.
  6903 | D:6      | Reached XP level 9. HP: 43/66 MP: 14/18
  6912 | D:6      | Noticed Sigmund
  6921 | D:5      | Reached skill level 5 in Transmutations
  7261 | D:6      | Killed Sigmund
  7465 | D:6      | Found Ova Pioziom's Antique Weapon Boutique.
  7474 | D:6      | Found Joihonul's General Store.
  7492 | D:6      | Bought a potion of curing for 39 gold pieces
  7557 | D:6      | Found Riegokk's Weapon Emporium.
  7587 | D:6      | Found a glowing silver altar of Zin.
  7606 | D:6      | Found Oreidas's Gadget Shoppe.
  7651 | D:6      | Noticed Edmund
  7661 | D:6      | Killed Edmund
  7662 | D:6      | Gained mutation: You are clumsy. (Dex -2) [mutagenic glow]
  7884 | D:6      | Found a blossoming altar of Fedhas.
  8113 | D:7      | Found a runed door.
  8267 | D:7      | Noticed Crazy Yiuf
  8275 | D:7      | Killed Crazy Yiuf
  8275 | D:7      | Reached skill level 5 in Fighting
  8464 | D:7      | Found a hazy altar of Hepliaklqana.
  8503 | D:7      | Reached skill level 8 in Unarmed Combat
  8743 | D:7      | Found a staircase to the Ecumenical Temple.
  8752 | Temple   | Entered the Ecumenical Temple
  8769 | Temple   | Became a worshipper of Cheibriados the Contemplative
  8851 | D:7      | Found a hide-covered altar of Uskayaw.
  8899 | D:7      | Reached skill level 5 in Invocations
  9089 | D:7      | Reached XP level 10. HP: 74/74 MP: 20/20
  9103 | D:7      | Found a basalt altar of Yredelemnul.
  9616 | D:8      | Killed from afar by an orc wizard

Vault maps used:
D:1:      eino_arrival_tree_alley, serial_co_window_serial, co_window_corner_a,
          co_window_paths_b, co_window_corner_a, co_window_of_opportunity_a,
          co_window_paths_a, co_window_of_opportunity_c, co_window_corner_cb,
          co_window_corner_ca, co_window_2corner, co_window_of_opportunity_b,
          co_window_broadway_a, co_window_4corner_b, glass_columns_a,
          glass_columns_a, glass_columns_a, glass_columns_a, glass_columns_a
D:2:      gammafunk_temple_overflow_pools, first_ration
D:3:      marbit_many_paths, nicolae_ru_the_path_less_chosen
D:4:      kennysheep_kobold_camp, okawaru_trees_1
D:5:      ashenzari_altar_1, nicolae_overflow_crystal_walls,
          portal_sewer_entry_b
D:6:      fedhas_altar_3, serial_shops,
          nicolae_shop_competitors_out_of_business, nicolae_shop_statue_plus,
          nicolae_shop_behind_doors, shop, basic_altar, serial_glass,
          glass_columns_b, glass_columns_c, glass_columns_a, glass_columns_c,
          glass_columns_b, glass_columns_b, uniq_sigmund, uniq_edmund
D:7:      old_standard_altar, lemuel_doored_altar,
          lemuel_mausoleum_altar_yredelemnul, temple_fountains,
          uniq_crazy_yiuf_cottage
D:8:      nemelex_xobeh_ov_fountains_minmay, minmay_lair_entry_lava,
          basic_altar, uniq_maurice, uniq_gastronok
Temple:   eino_wide_crystal_templ
Sewer:    sewer_frog_island_02

Skill      XL: |  1  2  3  4  5  6  7  8  9 10 |
---------------+-------------------------------+-----
Spellcasting   | 5 6 7 |  7.1
Invocations    | 1 2 3 4 5 |  5.3
Short Blades   | 1 2 3 4 |  4.9
Long Blades    | 1 2 3 4 |  4.9
Axes           | 1 2 3 4 |  4.9
Maces & Flails | 1 2 3 4 |  4.9
Polearms       | 1 2 3 4 |  4.9
Staves         | 1 2 3 4 |  4.9
Slings         | 1 2 3 4 |  4.9
Bows           | 1 2 3 4 |  4.9
Crossbows      | 1 2 3 4 |  4.9
Throwing       | 1 2 3 4 |  4.9
Armour         | 1 2 3 4 |  4.9
Stealth        | 1 2 3 4 |  4.9
Shields        | 1 2 3 4 |  4.9
Evocations     | 1 2 3 4 |  4.9
Conjurations   | 1 2 3 4 |  4.0
Hexes          | 1 2 3 4 |  4.0
Charms         | 1 2 3 4 |  4.0
Summonings     | 1 2 3 4 |  4.0
Necromancy     | 1 2 3 4 |  4.0
Translocations | 1 2 3 4 |  4.0
Fire Magic     | 1 2 3 4 |  4.0
Ice Magic      | 1 2 3 4 |  4.0
Air Magic      | 1 2 3 4 |  4.0
Earth Magic    | 1 2 3 4 |  4.0
Poison Magic   | 1 2 3 4 |  4.0
Fighting       | 3 4 5 |  5.6
Transmutations | 4 5 |  5.6
Dodging        | 5 6 |  6.7
Unarmed Combat | 7 8 |  8.2

Action                   |  1- 3 |  4- 6 |  7- 9 | 10-12 || total
-------------------------+-------+-------+-------+-------++-------
Melee: Unarmed           |    53 |   148 |   559 |    72 ||   832
       Kick              |     6 |       |     4 |       ||    10
       Headbutt          |     4 |       |     5 |       ||     9
       Bite              |     7 |     9 |    22 |     1 ||    39
       Punch             |     1 |     4 |     5 |     1 ||    11
 Cast: Beastly Appendage |     9 |       |     5 |       ||    14
       Spider Form       |     1 |    11 |    11 |     2 ||    25
       Sticks to Snakes  |       |     2 |     3 |       ||     5
       Ice Form          |       |       |    13 |     1 ||    14
  Use: Scroll            |       |       |    11 |       ||    11
 Stab: Sleeping          |     1 |     7 |     9 |     3 ||    20
       Distracted        |       |       |     1 |       ||     1
  Eat: Chunk             |     1 |     7 |    15 |       ||    23
       Ration            |       |       |     3 |     1 ||     4
Armor: Robe              |     5 |     9 |    42 |     2 ||    58
       Skin              |       |     2 |    51 |     1 ||    54
Dodge: Dodged            |    39 |   105 |   385 |    32 ||   561

Table legend:
 A = Spawn XP
 B = Non-spawn XP
 C = Spawn XP percentage of total XP
 D = Spawn monster count
 E = Non-spawn monster count
 F = Spawn count percentage of total count
 G = Total turns spent on level
                    A         B        C        D         E        F      G
               +---------+---------+-------+---------+---------+-------+---------
         Total |       0 |    5192 |   0.0 |       0 |     233 |   0.0 |  9616
               +---------+---------+-------+---------+---------+-------+---------
           D:1 |       0 |      26 |   0.0 |       0 |      13 |   0.0 |  1053
           D:2 |       0 |     187 |   0.0 |       0 |      28 |   0.0 |  1252
           D:3 |       0 |     189 |   0.0 |       0 |      27 |   0.0 |   940
           D:4 |       0 |     554 |   0.0 |       0 |      32 |   0.0 |  1561
           D:5 |       0 |    1068 |   0.0 |       0 |      30 |   0.0 |  1617
           D:6 |       0 |     960 |   0.0 |       0 |      15 |   0.0 |   866
           D:7 |       0 |    1734 |   0.0 |       0 |      34 |   0.0 |  1240
           D:8 |       0 |     205 |   0.0 |       0 |       8 |   0.0 |   265
         Sewer |       0 |     269 |   0.0 |       0 |      46 |   0.0 |   797
               +---------+---------+-------+---------+---------+-------+---------
